 Dungeon Crawl Stone Soup version 0.29-a0-892-g2c4c91d9db (webtiles) character file.

Game seed: 11178307724479070616

109 jimonade the Shooter (level 5, -11/40 HPs)
             Began as a Formicid Hunter on July 23, 2022.
             Killed from afar by Ijyb (14 damage)
             ... with a bolt of dispelling energy
             ... on level 3 of the Dungeon.
             The game lasted 00:03:47 (1989 turns).

jimonade the Shooter (Formicid Hunter)              Turns: 1989, Time: 00:03:48

Health: -11/40     AC:  3    Str: 15    XL:     5   Next: 13%
Magic:  6/6        EV: 12    Int: 11    God:
Gold:   45         SH:  0    Dex: 17    Spells: 5/5 levels left

rFire   . . .      SeeInvis +   b - +1 whip (elec)
rCold   . . .      Faith    .   (no shield)
rNeg    . . .      Spirit   .   c - +0 leather armour
rPois   .          Reflect  .   (helmet unavailable)
rElec   .          Harm     .   (no cloak)
rCorr   .          Rampage  .   (no gloves)
Will    .....                   (no boots)
Stlth   ++........              (no amulet)
HPRegen 0.13/turn               (no ring)
MPRegen 0.10/turn               (no ring)

@: mighty
A: permanent stasis, dig shafts and tunnels, antennae 3, four strong arms
a: Dig, Shaft Self


You were on level 3 of the Dungeon.
You visited 1 branch of the dungeon, and saw 3 of its levels.

You collected 45 gold pieces.

Inventory:

Hand Weapons
 a - a +0 shortbow
 b - a +1 whip of electrocution (weapon)
 q - a +1 trident of flaming
Armour
 c - a +0 leather armour (worn)
 l - a +0 plate armour
Magical Staves
 r - a staff of poison
Scrolls
 d - 2 scrolls of fog {unknown}
 j - 2 scrolls of identify {unknown}
 k - a scroll of immolation
 m - a scroll of amnesia {unknown}
 n - a scroll of brand weapon {unknown}
 p - a scroll of summoning {unknown}
 s - a scroll of teleportation {unknown}
Potions
 e - 2 potions of resistance {unknown}
 f - 3 potions of heal wounds {unknown}
 g - 3 potions of cancellation {unknown}
 h - a potion of haste {unknown}
 i - 3 potions of lignification {unknown}
 o - 2 potions of might
 t - a potion of curing {unknown}


   Skills:
 + Level 2.9 Fighting
 + Level 5.5 Ranged Weapons
 + Level 0.5 Armour
 + Level 1.9 Dodging
 - Level 1.2 Stealth
 * Level 0.6 Spellcasting


You had 5 spell levels left.
You didn't know any spells.
Your spell library was empty.

Dungeon Overview and Level Annotations

Branches:
Dungeon (3/15)

Altars:

Annotations:
D:3 Ijyb


Innate Abilities, Weirdness & Mutations

You cannot be hasted, slowed, berserked, paralysed or teleported.
You can dig through walls and to a lower floor.
You have a pair of large antennae on your head. (SInv)
Your four strong arms can wield two-handed weapons with a shield.


Message History

A scorpion comes into view.
Ijyb barely misses you.
You shoot an arrow. The arrow hits Ijyb but does no damage.
Ijyb is lightly wounded.
Ijyb zaps a wand.
The bolt of dispelling energy hits you!!
You shoot an arrow. The arrow barely misses Ijyb.
Ijyb zaps a wand.
The bolt of dispelling energy hits you!
* * * LOW HITPOINT WARNING * * *
You are too injured to fight recklessly!
You are too injured to fight recklessly!
You are too injured to fight recklessly!
You are too injured to fight recklessly!
Unknown command.
You feel very mighty all of a sudden. Ijyb hits you with a +0 club.
* * * LOW HITPOINT WARNING * * *
Fire: a) +0 shortbow
Press: ? - help, Q - select action, (/) - cycle Shift-Dir - straight line, f/p - Ijyb
Aim: Ijyb, wielding a +0 club, wearing a +0 ring mail and carrying a wand of quicksilver (4) (lightly wounded, strong, 60% to hit)
You shoot an arrow. The arrow barely misses Ijyb.
Ijyb barely misses you. x2
Fire: a) +0 shortbow
Press: ? - help, Q - select action, (/) - cycle Shift-Dir - straight line, f/p - Ijyb
Aim: Ijyb, wielding a +0 club, wearing a +0 ring mail and carrying a wand of quicksilver (4) (lightly wounded, strong, 60% to hit)
Okay, then.
You hear the crackle of electricity.
b - a +1 whip of electrocution (weapon)
You barely miss Ijyb.
Ijyb is lightly wounded.
Ijyb hits you with a +0 club.
* * * LOW HITPOINT WARNING * * *
You whack Ijyb!
Ijyb is heavily wounded.
Ijyb barely misses you.
You hit Ijyb.
Ijyb is almost dead.
Ijyb zaps a wand.
The bolt of dispelling energy hits you!
Your magical effects are unravelling.
You die...

{ ..
#.#........###†#.# #.
#.#####'#...##)#..
#.## #.# #.###.##)###
#..# #.# #.# #.##.†..
...####.######.#####.#
#.######
.....................#
#.......
######$.#####.#######
######## ##.# #.# #.#
#@# ... #g# .... #s#
...... ... {
.......... .........
.#+## ..


You could see Ijyb (strong) and a scorpion.

Vanquished Creatures
  3 gnolls (D:3)
  2 adders
  2 dart slugs
  6 ball pythons
  7 endoplasms
  A giant cockroach (D:1)
  4 goblins (D:2)
  7 hobgoblins
  3 jackals (D:1)
  6 kobolds
  3 quokkas (D:1)
  5 bats
  4 frilled lizards
53 creatures vanquished.

Notes
Turn   | Place    | Note
-------+----------+-------------------------------------------
     0 | D:1      | jimonade the Formicid Hunter began the quest for the Orb.
     0 | D:1      | Reached XP level 1. HP: 16/16 MP: 1/1
    32 | D:1      | Reached XP level 2. HP: 22/22 MP: 2/2
   255 | D:1      | Reached XP level 3. HP: 27/27 MP: 3/3
   880 | D:2      | Reached skill level 5 in Ranged Weapons
   880 | D:2      | Reached XP level 4. HP: 34/34 MP: 4/4
  1081 | D:2      | Found a faded altar of an unknown god.
  1681 | D:3      | Reached XP level 5. HP: 40/40 MP: 5/5
  1967 | D:3      | Noticed Ijyb
  1989 | D:3      | Killed from afar by Ijyb

Illustrated notes

Levels and vault maps discovered:
D:1:      ncdulo_lavacross, layout_rooms, minmay_tetromino_l4
D:2:      layout_loops_ring, shapermc_ecumenical_altar_ellora,
          kennysheep_generic_room_16
D:3:      layout_basic, hangedman_ru_absence, uniq_ijyb

Skill      XL: |  1  2  3 |
---------------+----------+-----
Ranged Weapons | 5 |  5.5
Fighting       | |  2.9
Armour         | |  0.5
Dodging        | |  1.9
Stealth        | |  1.2
Spellcasting   | |  0.6

Action                   |  1- 3 |  4- 6 || total
-------------------------+-------+-------++-------
Melee: Whip              |       |     3 ||     3
 Fire: Shortbow          |    94 |    75 ||   169
  Use: Potion            |       |     1 ||     1
Armor: Leather armour    |    12 |     3 ||    15
Dodge: Dodged            |    32 |    33 ||    65

Table legend: (Time is in decaauts)
 A = Elapsed time spent in this place.
 B = Non-inter-level travel time spent in this place.
 C = Inter-level travel time spent in this place.
 D = Time resting spent in this place.
 E = Time spent auto-exploring this place.
 F = Levels seen in this place.
 G = Mean time per level.
                   A        B        C        D        E       F      G
               +--------+--------+--------+--------+--------+-----+--------+
         Total |   2038 |   1882 |    156 |      0 |   1451 |   3 |  679.3 |
       Dungeon |   2038 |   1882 |    156 |      0 |   1451 |   3 |  679.3 |
               +--------+--------+--------+--------+--------+-----+--------+

Top non-repeatable levels by time:
     D:1: 885 daAuts
     D:2: 728 daAuts
     D:3: 424 daAuts
